Map: Lerilak Crest

Players

LilDicky - Winner!

  • Race: Terran Terran
  • League: Diamond

HeartOfHope

  • Race: Protoss Protoss

VOD

http://www.twitch.tv/tumescentpie

Description

Time

  • Played on: Dec. 6, 2015, 6:48 p.m.
  • Length: 4:01
Show
View Real Time Build Order
Export as new Build Order

LilDicky Terran - Winner!

Build Orders:  

Get SALT Encoding   

  12  0:01  SCV  
  13  0:13  SCV  
  14  0:17  Supply Depot  
  14  0:25  SCV  
  15  0:31  Refinery  
  15  0:39  SCV  
  16  0:49  Barracks  
  16  0:51  SCV  
  17  1:03  SCV  
  18  1:15  SCV  
  19  1:27  SCV  
  20  1:38  Supply Depot, Marine  
  21  1:40  Orbital Command  
  21  1:56  Marine  
  22  2:05  SCV  
  22  2:07  Barracks  
  23  2:09  Barracks  
  23  2:13  Factory  
  23  2:22  Barracks Reactor  
  23  2:23  Refinery  
  23  2:27  SCV  
  23  2:39  SCV  
  24  2:55  SCV  
  24  2:56  Barracks Tech Lab x2  
  25  2:59  Marine x2  
  27  3:07  SCV  
  28  3:13  Supply Depot  
  28  3:17  Marine x2  
  28  3:19  SCV, Widow Mine  
  33  3:22  Marine  
  33  3:25  Marine  
  34  3:34  Marine  
  34  3:35  Marine  
  34  3:36  SCV  
Show
View Real Time Build Order
Export as new Build Order

HeartOfHope Protoss 

Build Orders:  

Get SALT Encoding   

  12  0:00  Probe (Chrono Boost)  
  13  0:11  Probe (Chrono Boost)  
  14  0:18  Pylon  
  14  0:22  Probe (Chrono Boost)  
  15  0:36  Probe (Chrono Boost)  
  15  0:38  Gateway  
  16  0:45  Assimilator  
  16  0:48  Probe (Chrono Boost)  
  17  0:59  Probe (Chrono Boost)  
  18  1:09  Probe (Chrono Boost)  
  19  1:19  Pylon  
  19  1:20  Probe (Chrono Boost)  
  20  1:29  Cybernetics Core  
  20  1:31  Probe (Chrono Boost)  
  21  1:35  Assimilator  
  21  1:41  Probe (Chrono Boost), Zealot  
  24  1:52  Probe (Chrono Boost)  
  25  2:03  Probe (Chrono Boost)  
  26  2:14  Probe (Chrono Boost)  
  27  2:18  Nexus  
  27  2:24  Probe (Chrono Boost)  
  28  2:35  Probe (Chrono Boost)  
  29  2:44  Pylon  
  29  2:46  Mothership Core (Chrono Boost)  
  31  2:56  Stargate  
  31  3:04  Probe (Chrono Boost)  
  32  3:16  Probe, Forge  
  33  3:28  Probe  
  33  3:30  Probe  
  33  3:32  Pylon  
  35  3:40  Probe x2  
  37  3:50  Pylon  
  37  3:52  Photon Cannon  
Tags
 
Add a new tag
Caveats
  • Supply blocks, unpowered buildings, or Contaminate may cause inaccurate times.
  • Supply counts are checked every 10 seconds.